 Dungeon Sprint DCSS version 0.21.0-25-ge575cb9 (webtiles) character file.

121 wojtek the Cleaver (level 4, -3/44 HPs)
             Began as a Minotaur Berserker on Jan 26, 2018.
             Was a Priest of Trog.
             Slain by a sixfirhy (5 damage)
             ... summoned by a kobold demonologist
             ... in the Dungeon (Sprint III: "The Ten Rune Challenge").
             The game lasted 00:00:40 (410 turns).

wojtek the Cleaver (Minotaur Berserker)              Turns: 410, Time: 00:00:42

Health: -3/44      AC:  2    Str: 23    XL:     4   Next: 77%
Magic:  3/3        EV: 14    Int:  4    God:    Trog [***...]
Gold:   9          SH:  0    Dex:  9    Spells: 3/3 levels left

rFire    . . .     SeeInvis .   a - +0 hand axe
rCold    . . .     Gourm    .   (no shield)
rNeg     . . .     Faith    .   b - +0 animal skin
rPois    .         Spirit   .   (helmet restricted)
rElec    .         Reflect  .   (no cloak)
rCorr    .         Harm     .   (no gloves)
MR       .....     NoTele   +   (no boots)
Stlth    +.........             (no amulet)
HPRegen  0.14/turn              (no ring)
MPRegen  0.08/turn              (no ring)

@: no status effects
A: retaliatory headbutt, horns 2
a: Berserk, Trog's Hand, Burn Spellbooks, Renounce Religion


You were in the Dungeon.
You worshipped Trog.
Trog was most pleased with you.
You were not hungry.

You visited 1 branch You collected 9 gold pieces.

Inventory:

Hand Weapons
 a - a +0 hand axe (weapon)
Armour
 b - a +0 animal skin (worn)
Scrolls
 i - a scroll of blinking
 k - 3 scrolls of identify
 l - a scroll of holy word {unknown}
 m - a scroll of remove curse {unknown}
 o - a scroll of immolation {unknown}
 p - a scroll of random uselessness {unknown}
 q - a scroll of enchant weapon {unknown}
Potions
 d - 2 potions of curing
 e - a potion of heal wounds
 f - a potion of haste
 g - 2 potions of magic
 h - a potion of berserk rage
 n - 4 potions of flight
 r - 5 potions of mutation
Comestibles
 c - 3 rations


   Skills:
 + Level 6.2 Fighting
 * Level 8.1 Axes
 + Level 5.5 Armour
 + Level 5.1 Dodging


You had 3 spell levels left.
You didn't know any spells.

Dungeon Overview and Level Annotations

Branches:
Dungeon (1/1)

Altars:
Kikubaaqudgha
Sif Muna
Vehumet


Innate Abilities, Weirdness & Mutations

You reflexively headbutt those who attack you in melee.
You have a pair of horns on your head.


Message History

Your Axes skill increases to level 8!
Your Dodging skill increases to level 5!
A kobold demonologist comes into view. It is wielding a dagger.
The kobold demonologist shouts!
There is an open door here.
Things that are here:
a dagger; a robe; a human corpse You barely miss the kobold demonologist.
The kobold demonologist mumbles some strange words.
You closely miss the kobold demonologist.
Your headbutt misses the kobold demonologist.
The kobold demonologist closely misses you.
You closely miss the kobold demonologist.
Your headbutt misses the kobold demonologist.
You barely miss the sixfirhy. The sixfirhy hits you!
* * * LOW HITPOINT WARNING * * *
The sixfirhy shocks you!
* * * LOW HITPOINT WARNING * * *
The sixfirhy hits you.
You die...

#..#....♣.♣ ♣♣.#
####......♣ ..#
...#....≈♣♣♣♣♣.###+#+###
...#...≈≈..♣♣..#........
...#..≈≈≈≈♣♣.♣.'.⌠......
##'#..≈≈≈≈≈≈...#...#####
...#.≈≈≈≈≈≈....#.⌠.#
...#.≈≈≈≈≈.....#...#
...#.≈≈≈.......#@###
####...........#3K.#
..÷............#___#
▓▓▓▓▓▓▓▓▓▓▓▓▓▓▓▓▓▓▓▓


You could see a kobold demonologist and a sixfirhy.

Vanquished Creatures
  A water elemental (D)
  A wizard (D)
  A human (D)
  An ooze (D)
  A phantom (D)
  3 rats (D)
8 creatures vanquished.

Vanquished Creatures (others)
  2 draconian scorchers (D)
  A yaktaur (D)
  6 hellions (D)
9 creatures vanquished.

Grand Total: 17 creatures vanquished

Notes
Turn   | Place    | Note
-------+----------+-------------------------------------------
     0 | D        | wojtek the Minotaur Berserker began the quest for the Orb.
     0 | D        | Reached XP level 1. HP: 19/19 MP: 0/0
     7 | D        | Reached skill level 4 in Axes
    20 | D        | Reached ** piety under Trog
    92 | D        | Reached skill level 5 in Axes
    92 | D        | Reached XP level 2. HP: 28/28 MP: 1/1
    97 | D        | Killed a hellion
   105 | D        | Killed a yaktaur
   113 | D        | Killed a hellion
   113 | D        | Killed a hellion
   124 | D        | Killed a white draconian scorcher
   125 | D        | Killed a hellion
   127 | D        | Killed a hellion
   129 | D        | Killed a hellion
   159 | D        | Killed a white draconian scorcher
   173 | D        | Reached XP level 3. HP: 34/35 MP: 2/2
   210 | D        | Noticed a water elemental
   215 | D        | Killed a water elemental
   215 | D        | Reached *** piety under Trog
   215 | D        | Reached skill level 5 in Fighting
   215 | D        | Reached skill level 7 in Axes
   215 | D        | Reached skill level 5 in Armour
   215 | D        | Reached XP level 4. HP: 23/44 MP: 3/3
   401 | D        | Found a radiant altar of Vehumet.
   401 | D        | Found a deep blue altar of Sif Muna.
   401 | D        | Found an ancient bone altar of Kikubaaqudgha.
   401 | D        | Noticed a wizard
   406 | D        | Killed a wizard
   406 | D        | Reached skill level 8 in Axes
   406 | D        | Reached skill level 5 in Dodging
   409 | D        | Noticed a sixfirhy
   410 | D        | HP: 2/44 [sixfirhy[a kobold demonologist] (10)]
   410 | D        | Slain by a sixfirhy

Skill      XL: |  1  2  3  4 |
---------------+-------------+-----
Fighting       | 4 5 6 |  6.2
Axes           | 5 7 8 |  8.1
Armour         | 3 5 |  5.5
Dodging        | 3 4 5 |  5.1

Action                   |  1- 3 |  4- 6 || total
-------------------------+-------+-------++-------
Melee: Hand axe          |    22 |     8 ||    30
       Headbutt          |     5 |     1 ||     6
Invok: Berserk           |     2 |       ||     2
Armor: Animal skin       |     2 |       ||     2
Dodge: Dodged            |     8 |     2 ||    10
